WCHLSIM.com - West Coast Hockey League
html PUBLIC "-//W3C//DTD XHTML 1.0 Transitional//EN" "http://www.w3.org/TR/xhtml1/DTD/xhtml1-transitional.dtd"> WCHL - Game 101 - NORTH DAKOTA HAWKS vs CALGARY FIREMEN

NORTH DAKOTA HAWKS vs CALGARY FIREMEN

Created - 26 octobre 2022 at 21:01

Goals
1 2 3 T
NORTH DAKOTA HAWKS 1 3 0 4
CALGARY FIREMEN 1 0 2 3
Shots
1 2 3 T
NORTH DAKOTA HAWKS 13 9 5 27
CALGARY FIREMEN 3 14 9 26

1st period

1. NORTH DAKOTA HAWKS , Nazem Kadri 2 (Jason Robertson 5) at 8:45
2. CALGARY FIREMEN , Shayne Gostisbehere 2 (Ryan Johansen 6, Filip Forsberg 4) at 10:17

Penalties :
Jack Drury (CGY) for Elbowing (Minor) at 4:17, Vitek Vanecek (CGY) for Slashing (Minor) at 4:52 - Gustav Forsling served the penalty., Jordan Oesterle (CGY) for Roughing (Double Minor) at 16:43

2nd period

3. NORTH DAKOTA HAWKS , Jason Robertson 2 (Patrick Kane 1, Quinton Hughes 2) at 2:24
4. NORTH DAKOTA HAWKS , Frank Vatrano 1 (Dillon Dube 2, Nic Dowd 1) at 9:30
5. NORTH DAKOTA HAWKS , Nazem Kadri 3 (Erik Johnson 1, Jason Robertson 6) at 11:27

Penalties :
Carter Hart (NDH) for Slashing (Minor) at 15:39 - Erik Johnson served the penalty.

3rd period

6. CALGARY FIREMEN , Adam Henrique 7 (Sonny Milano 2, Shayne Gostisbehere 4) at 0:36
7. CALGARY FIREMEN , Ryan Johansen 2 (Jakob Silfverberg 6, Filip Forsberg 5) at 0:46

Penalties :
Josh Manson (NDH) for Roughing (Minor) at 13:56, Quinton Hughes (NDH) for Hooking (Minor) at 17:52

Goalie Stats

Carter Hart (NDH), 23 saves from 26 shots - (0,885), W, 3-0-1, 60:00 minutes
Carey Price (CGY), 9 saves from 9 shots - (1,000), 27:34 minutes
Vitek Vanecek (CGY), 14 saves from 18 shots - (0,778), L, 4-2-0, 31:27 minutes

Players Stats for NORTH DAKOTA HAWKS

Player Name              G  A  P  +/- PIM S  H  SB GA TA FO     MP     PP MP  PK MP  
------------------------------------------------------------------------------------
Alex Killorn             0  0  0  -1  0   1  2  0  0  0  0/2    18:19   2:55   0:00 
Dillon Dube              0  1  1   1  0   2  0  0  0  0  0/1     7:33   0:00   1:59 
Erik Johnson             0  1  1   1  0   0  0  0  0  0  0/0    18:17   0:00   1:01 
Frank Vatrano            1  0  1   1  0   1  0  0  0  0  0/0     5:34   0:00   0:00 
Jack Hughes              0  0  0  -1  0   2  0  0  0  0  4/14   19:25   4:01   0:00 
Jake DeBrusk             0  0  0  -1  0   3  0  0  0  0  0/0    16:37   0:00   3:58 
Jason Robertson          1  2  3   2  0   2  3  0  0  0  0/1    17:31   3:38   0:00 
Jordan Kyrou             0  0  0  -1  0   2  1  0  0  0  0/0    17:56   2:32   0:00 
Josh Manson              0  0  0   1  2   0  4  2  0  0  0/0    16:38   0:00   1:46 
Mathew Dumba             0  0  0  -1  0   1  0  1  0  0  0/0    20:42   2:32   2:57 
Nazem Kadri              2  0  2   2  0   5  3  0  0  0  7/19   18:08   3:38   0:37 
Nic Dowd                 0  1  1   1  0   0  1  0  0  0  5/7     9:32   0:00   3:58 
Nick Holden              0  0  0   1  0   0  2  1  0  0  0/0    17:50   0:00   2:57 
Nick Suzuki              0  0  0  -1  0   3  0  0  0  0  11/18  15:34   2:55   0:00 
Patrick Kane             0  1  1   2  0   2  0  0  0  0  0/1    17:23   3:38   0:00 
Quinton Hughes           0  1  1   1  2   0  0  2  0  0  0/0    21:37   4:01   0:13 
Reyley Smith             0  0  0  -1  0   2  2  0  0  0  0/0    17:04   2:55   1:22 
Ryan Lindgren            0  0  0  -1  0   1  0  0  0  0  0/0    18:21   0:00   3:00 

Players Stats for CALGARY FIREMEN

Player Name              G  A  P  +/- PIM S  H  SB GA TA FO     MP     PP MP  PK MP  
------------------------------------------------------------------------------------
Adam Henrique            1  0  1   0  0   1  0  0  0  0  7/13   18:05   3:30   0:00 
Alex Goligoski           0  0  0  -1  0   0  1  1  0  0  0/0    18:21   1:58   1:15 
Andreas Athanasiou       0  0  0   0  0   2  0  1  0  0  0/0    17:20   2:26   0:00 
Brett Howden             0  0  0  -1  0   1  1  0  0  0  4/6     7:19   0:01   2:08 
Filip Forsberg           0  2  2   1  0   5  3  1  0  0  1/2    18:23   2:26   0:00 
Gustav Forsling          0  0  0   1  0   1  0  1  0  0  0/0    22:14   3:25   1:32 
Gustav Lindstrom         0  0  0  -1  0   0  2  2  0  0  0/0    19:01   0:34   3:22 
Jack Drury               0  0  0  -1  2   0  2  0  0  0  10/13  14:22   0:00   2:35 
Jakob Silfverberg        0  1  1   1  0   2  0  0  0  0  0/0    21:56   3:31   2:47 
Jordan Oesterle          0  0  0  -1  4   0  0  2  0  0  0/0    18:16   1:58   1:17 
Marc-Edouard Vlasic      0  0  0  -1  0   0  1  2  0  0  0/0    19:35   0:34   3:56 
Mattias Janmark-Nylen    0  0  0  -1  0   2  0  0  0  0  0/2    11:49   0:01   0:00 
Oskar Lindblom           0  0  0  -1  0   0  0  0  0  0  0/3     6:24   0:00   1:14 
Ryan Johansen            1  1  2   1  0   4  3  0  0  0  14/21  18:23   2:26   0:00 
Sam Gagner               0  0  0  -1  0   2  0  1  0  0  0/2    13:31   0:00   1:35 
Shayne Gostisbehere      1  1  2   1  0   4  0  1  0  0  0/0    21:47   3:25   0:59 
Sonny Milano             0  1  1   0  0   2  2  0  0  0  0/1    18:05   3:30   0:00 
Yakov Trenin             0  0  0  -1  0   0  0  0  0  0  0/0     7:10   0:00   2:08 

3 Stars

1 - Nazem Kadri (NDH)
2 - Jason Robertson (NDH)
3 - Ryan Johansen (CGY)

Power Play

NORTH DAKOTA HAWKS - 0 on 4 Attempt(s) - 0,00%
CALGARY FIREMEN - 0 on 3 Attempt(s) - 0,00%

Penalty Kill

NORTH DAKOTA HAWKS - 3 on 3 Attempt(s) - 100,00% - Score 0 goal in Penalty Kill
CALGARY FIREMEN - 4 on 4 Attempt(s) - 100,00% - Score 0 goal in Penalty Kill

Team Stat

NORTH DAKOTA HAWKS - Hits : 18 - Faceoff Wins : 27 - Blocked Shots : 6 - Penalty Minutes : 6
CALGARY FIREMEN - Hits : 15 - Faceoff Wins : 36 - Blocked Shots : 12 - Penalty Minutes : 8

Official

Referees : Dan O'Rourke and TJ Luxmore
Linesman : Derek Nansen and Ryan Galloway

Game Notes

Carey Price enters game at 11:27 of 2nd period

Finance

Level 1 -- Attendance: 6000 (100,00%) -- Ticket Income 870 000 $
Level 2 -- Attendance: 5000 (100,00%) -- Ticket Income 550 000 $
Level 3 -- Attendance: 2578 (85,93%) -- Ticket Income 154 680 $
Level 4 -- Attendance: 4536 (90,72%) -- Ticket Income 267 624 $
Luxury Box -- Attendance: 1000 (100,00%) -- Ticket Income 290 000 $
Game was played at the Larouche Stadium.
Total Attendance: 19114 (95,57%)
Total Ticket Income: 2 132 304 $
Other Expense: 21 323 $
Total Income: 2 110 981 $

NORTH DAKOTA HAWKS

5 vs 5 Forward 
   Center                   Left Wing                Right Wing               Time % Phy DF OF 
 1 Nazem Kadri              Jason Robertson          Patrick Kane             30     0   0  5  
 2 Jack Hughes              Alex Killorn             Jordan Kyrou             29     0   0  5  
 3 Nick Suzuki              Jake DeBrusk             Reyley Smith             28     0   1  4  
 4 Nic Dowd                 Dillon Dube              Frank Vatrano            13     0   3  2  

5 vs 5 Defense 
   Defense                  Defense                                           Time % Phy DF OF 
 1 Quinton Hughes           Erik Johnson                                      37     0   1  4  
 2 Ryan Lindgren            Mathew Dumba                                      33     0   2  3  
 3 Nick Holden              Josh Manson                                       20     0   3  2  
 4 Nick Holden              Josh Manson                                       10     0   3  2  

PowerPlay Forward 
   Center                   Left Wing                Right Wing               Time % Phy DF OF 
 1 Nazem Kadri              Jason Robertson          Patrick Kane             55     0   0  5  
 2 Nick Suzuki              Alex Killorn             Reyley Smith             45     0   0  5  

PowerPlay Defense
   Defense                  Defense                                           Time % Phy DF OF 
 1 Jack Hughes              Quinton Hughes                                    55     0   0  5  
 2 Mathew Dumba             Jordan Kyrou                                      45     0   0  5  

Penalty Kill 4 Players Forward 
   Center                   Wing                     Time % Phy DF OF 
 1 Nic Dowd                 Jake DeBrusk             70     0   4  1  
 2 Nazem Kadri              Dillon Dube              30     0   4  1  

Penalty Kill 4 Players Defense
   Defense                  Defense                  Time % Phy DF OF 
 1 Ryan Lindgren            Erik Johnson             70     0   5  0  
 2 Nick Holden              Mathew Dumba             30     0   5  0  

Penalty Kill - 3 Players Forward 
   Forward                                           Time % Phy DF OF 
 1 Nic Dowd                                          70     0   5  0  
 2 Nazem Kadri                                       30     0   5  0  

Penalty Kill - 3 Players Defense
   Defense                  Defense                  Time % Phy DF OF 
 1 Ryan Lindgren            Erik Johnson             70     0   5  0  
 2 Nick Holden              Mathew Dumba             30     0   5  0  

4 vs 4 Forward 
   Center                   Wing                     Time % Phy DF OF 
 1 Nazem Kadri              Patrick Kane             55     0   0  5  
 2 Nick Suzuki              Jason Robertson          45     0   0  5  

4 vs 4 Defense
   Defense                  Defense                  Time % Phy DF OF 
 1 Quinton Hughes           Erik Johnson             55     0   1  4  
 2 Ryan Lindgren            Mathew Dumba             45     0   1  4  

Last Minutes Offensive
   Center                   Left Wing                Right Wing               Defense                  Defense                  
   Nazem Kadri              Jason Robertson          Patrick Kane             Quinton Hughes           Jack Hughes              

Last Minutes Defensive
   Center                   Left Wing                Right Wing               Defense                  Defense                  
   Nazem Kadri              Jason Robertson          Reyley Smith             Ryan Lindgren            Erik Johnson             

Goaltenders
Starting : Carter Hart              
Backup : Pavel Francouz           

Extra Forwards
Normal : Dillon Dube, Frank Vatrano, Jake DeBrusk - PP : Jake DeBrusk, Frank Vatrano - PK : Reyley Smith
Extra Defensemen
Normal : Ryan Lindgren, Josh Manson, Erik Johnson - PP : Erik Johnson - PK : Josh Manson, Quinton Hughes
Penalty Shots
Nazem Kadri, Jack Hughes, Jason Robertson, Patrick Kane, Jordan Kyrou
Custom OT Lines Forwards
Nazem Kadri, Patrick Kane, Jason Robertson, Jack Hughes, Jordan Kyrou, Nick Suzuki, Alex Killorn, Reyley Smith, Jake DeBrusk, Frank Vatrano
Custom OT Lines Defensemen
Quinton Hughes, Mathew Dumba, Erik Johnson, Nick Holden, Ryan Lindgren

Scratches
Connor Clifton (Healthy), Marc Staal (Healthy), Colin Blackwell (Healthy)

CALGARY FIREMEN

5 vs 5 Forward 
   Center                   Left Wing                Right Wing               Time % Phy DF OF 
 1 Ryan Johansen            Jakob Silfverberg        Filip Forsberg           33     0   1  4  
 2 Adam Henrique            Sonny Milano             Andreas Athanasiou       32     0   2  3  
 3 Jack Drury               Mattias Janmark-Nylen    Sam Gagner               25     1   2  2  
 4 Brett Howden             Yakov Trenin             Oskar Lindblom           10     1   2  2  

5 vs 5 Defense 
   Defense                  Defense                                           Time % Phy DF OF 
 1 Gustav Forsling          Jordan Oesterle                                   33     1   1  3  
 2 Alex Goligoski           Shayne Gostisbehere                               32     1   1  3  
 3 Marc-Edouard Vlasic      Gustav Lindstrom                                  25     1   2  2  
 4 Gustav Forsling          Shayne Gostisbehere                               10     1   3  1  

PowerPlay Forward 
   Center                   Left Wing                Right Wing               Time % Phy DF OF 
 1 Ryan Johansen            Filip Forsberg           Andreas Athanasiou       50     0   0  5  
 2 Adam Henrique            Sonny Milano             Jakob Silfverberg        50     0   0  5  

PowerPlay Defense
   Defense                  Defense                                           Time % Phy DF OF 
 1 Gustav Forsling          Shayne Gostisbehere                               50     1   1  3  
 2 Alex Goligoski           Jordan Oesterle                                   50     1   1  3  

Penalty Kill 4 Players Forward 
   Center                   Wing                     Time % Phy DF OF 
 1 Jack Drury               Jakob Silfverberg        50     0   5  0  
 2 Brett Howden             Yakov Trenin             50     0   5  0  

Penalty Kill 4 Players Defense
   Defense                  Defense                  Time % Phy DF OF 
 1 Marc-Edouard Vlasic      Gustav Lindstrom         70     1   4  0  
 2 Alex Goligoski           Jordan Oesterle          30     1   4  0  

Penalty Kill - 3 Players Forward 
   Forward                                           Time % Phy DF OF 
 1 Jakob Silfverberg                                 50     0   5  0  
 2 Sam Gagner                                        50     0   5  0  

Penalty Kill - 3 Players Defense
   Defense                  Defense                  Time % Phy DF OF 
 1 Marc-Edouard Vlasic      Gustav Lindstrom         50     0   5  0  
 2 Alex Goligoski           Jordan Oesterle          50     0   5  0  

4 vs 4 Forward 
   Center                   Wing                     Time % Phy DF OF 
 1 Ryan Johansen            Filip Forsberg           50     1   1  3  
 2 Adam Henrique            Sonny Milano             50     1   1  3  

4 vs 4 Defense
   Defense                  Defense                  Time % Phy DF OF 
 1 Gustav Forsling          Shayne Gostisbehere      50     1   1  3  
 2 Alex Goligoski           Jordan Oesterle          50     1   1  3  

Last Minutes Offensive
   Center                   Left Wing                Right Wing               Defense                  Defense                  
   Ryan Johansen            Adam Henrique            Filip Forsberg           Gustav Forsling          Shayne Gostisbehere      

Last Minutes Defensive
   Center                   Left Wing                Right Wing               Defense                  Defense                  
   Adam Henrique            Filip Forsberg           Jakob Silfverberg        Gustav Forsling          Alex Goligoski           

Goaltenders
Starting : Vitek Vanecek            
Backup : Carey Price              

Extra Forwards
Normal : Brett Howden, Sonny Milano, Oskar Lindblom - PP : Brett Howden, Sonny Milano - PK : Oskar Lindblom
Extra Defensemen
Normal : Marc-Edouard Vlasic, Gustav Lindstrom, Alex Goligoski - PP : Marc-Edouard Vlasic - PK : Gustav Lindstrom, Alex Goligoski
Penalty Shots
Filip Forsberg, Ryan Johansen, Adam Henrique, Sonny Milano, Andreas Athanasiou
Custom OT Lines Forwards
Filip Forsberg, Ryan Johansen, Adam Henrique, Andreas Athanasiou, Jakob Silfverberg, Sonny Milano, Sam Gagner, Oskar Lindblom, Yakov Trenin, Jack Drury
Custom OT Lines Defensemen
Gustav Forsling, Shayne Gostisbehere, Alex Goligoski, Jordan Oesterle, Marc-Edouard Vlasic

Scratches
Jake McCabe (Strained Right Elbow Injury)

% Time on Ice - NORTH DAKOTA HAWKS

Lines # - Real PCT - Wanted PCT - Time Play
Normal Forward
1 - 29% - 30% - 13:45
2 - 33% - 29% - 15:24
3 - 27% - 28% - 12:39
4 - 12% - 13% - 5:34
Normal Defense
1 - 36% - 37% - 17:16
2 - 32% - 33% - 15:13
3 - 21% - 20% - 9:52
4 - 11% - 10% - 5:01
PP Forward
1 - 55% - 55% - 3:38
2 - 45% - 45% - 2:55
PP Defense
1 - 61% - 55% - 4:01
2 - 39% - 45% - 2:32
PK Forward
1 - 90% - 70% - 5:20
2 - 10% - 30% - 0:37
PK Defense
1 - 47% - 70% - 2:49
2 - 53% - 30% - 3:08
PK3 Forward
1 - 0% - 70%
2 - 0% - 30%
PK3 Defense
1 - 0% - 70%
2 - 0% - 30%
44 Forward
1 - 0% - 55%
2 - 0% - 45%
44 Defense
1 - 0% - 55%
2 - 0% - 45%
Last Minute Offensive  - 0:00
Last Minute Defensive  - 0:08
Total
Forward - 60:00
Defense - 60:00

% Time on Ice - CALGARY FIREMEN

Lines # - Real PCT - Wanted PCT - Time Play
Normal Forward
1 - 34% - 33% - 15:57
2 - 31% - 32% - 14:35
3 - 25% - 25% - 11:48
4 - 11% - 10% - 5:02
Normal Defense
1 - 32% - 33% - 15:21
2 - 30% - 32% - 14:24
3 - 31% - 25% - 14:46
4 - 6% - 10% - 2:51
PP Forward
1 - 41% - 50% - 2:26
2 - 59% - 50% - 3:31
PP Defense
1 - 57% - 50% - 3:25
2 - 43% - 50% - 2:32
PK Forward
1 - 59% - 50% - 3:01
2 - 41% - 50% - 2:08
PK Defense
1 - 57% - 70% - 2:55
2 - 43% - 30% - 2:14
PK3 Forward
1 - 51% - 50% - 0:43
2 - 49% - 50% - 0:41
PK3 Defense
1 - 36% - 50% - 0:30
2 - 64% - 50% - 0:54
44 Forward
1 - 0% - 50%
2 - 0% - 50%
44 Defense
1 - 0% - 50%
2 - 0% - 50%
Last Minute Offensive  - 0:08
Last Minute Defensive  - 0:00
Total
Forward - 60:00
Defense - 60:00

Play-by-Play

1st period


0:01 of 1st period - Ryan Johansen wins face-off versus Nazem Kadri in neutral zone.
0:54 of 1st period - Icing by Filip Forsberg.
0:55 of 1st period - Ryan Johansen wins face-off versus Nick Suzuki in CALGARY FIREMEN zone.
1:27 of 1st period - Icing by Alex Goligoski.
1:28 of 1st period - Adam Henrique wins face-off versus Jack Hughes in CALGARY FIREMEN zone.
1:51 of 1st period - Shot by Jordan Kyrou.
1:51 of 1st period - Shot Misses the Net.
1:55 of 1st period - Shot by Alex Killorn.
1:55 of 1st period - Deflect By Jack Hughes.
1:55 of 1st period - Shot Misses the Net.
2:47 of 1st period - Shot by Nic Dowd.
2:47 of 1st period - Shot Blocked by Alex Goligoski.
2:49 of 1st period - Shot by Dillon Dube.
2:49 of 1st period - Stopped by Vitek Vanecek with a rebound.
3:06 of 1st period - Icing by Alex Goligoski.
3:07 of 1st period - Adam Henrique wins face-off versus Nick Suzuki in CALGARY FIREMEN zone.
3:37 of 1st period - Shot by Reyley Smith.
3:37 of 1st period - Stopped by Vitek Vanecek without a rebound.
3:38 of 1st period - Nazem Kadri wins face-off versus Jack Drury in CALGARY FIREMEN zone.
3:38 of 1st period - Nazem Kadri is hit by Marc-Edouard Vlasic.
4:06 of 1st period - Shot by Sam Gagner.
4:06 of 1st period - Shot Misses the Net.
4:17 of 1st period - Minor Penalty to Jack Drury for Elbowing.
4:18 of 1st period - Brett Howden wins face-off versus Alex Killorn in CALGARY FIREMEN zone.
4:35 of 1st period - Shot by Alex Killorn.
4:35 of 1st period - Stopped by Vitek Vanecek without a rebound.
4:36 of 1st period - Nazem Kadri wins face-off versus Oskar Lindblom in CALGARY FIREMEN zone.
4:52 of 1st period - Shot by Nazem Kadri.
4:52 of 1st period - Stopped by Vitek Vanecek without a rebound.
4:52 of 1st period - Minor Penalty to Vitek Vanecek for Slashing.
4:53 of 1st period - Nick Suzuki wins face-off versus Sam Gagner in CALGARY FIREMEN zone.
5:02 of 1st period - Shot by Nick Suzuki.
5:02 of 1st period - Shot Blocked by Gustav Lindstrom.
5:04 of 1st period - Shot by Jack Hughes.
5:04 of 1st period - Shot Blocked by Marc-Edouard Vlasic.
5:06 of 1st period - Shot by Jack Hughes.
5:06 of 1st period - Shot Misses the Net.
5:08 of 1st period - Shot by Jack Hughes.
5:08 of 1st period - Shot Blocked by Sam Gagner.
5:42 of 1st period - Shot by Quinton Hughes.
5:42 of 1st period - Shot Blocked by Jordan Oesterle.
6:05 of 1st period - Shot by Nazem Kadri.
6:05 of 1st period - Stopped by Vitek Vanecek without a rebound.
6:06 of 1st period - Nazem Kadri wins face-off versus Sam Gagner in CALGARY FIREMEN zone.
6:07 of 1st period - Shot by Jason Robertson.
6:07 of 1st period - Shot Misses the Net.
6:11 of 1st period - Shot by Nazem Kadri.
6:11 of 1st period - Shot Misses the Net.
6:13 of 1st period - Shot by Jason Robertson.
6:13 of 1st period - Shot Misses the Net.
7:01 of 1st period - Shot by Frank Vatrano.
7:01 of 1st period - Shot Misses the Net.
7:03 of 1st period - Shot by Josh Manson.
7:03 of 1st period - Shot Misses the Net.
7:19 of 1st period - Jack Drury is hit by Nic Dowd and loses puck.
7:58 of 1st period - Shot by Nick Suzuki.
7:58 of 1st period - Stopped by Vitek Vanecek without a rebound.
7:59 of 1st period - Ryan Johansen wins face-off versus Jack Hughes in CALGARY FIREMEN zone.
8:21 of 1st period - Off-side.
8:22 of 1st period - Nazem Kadri wins face-off versus Brett Howden in neutral zone.
8:45 of 1st period - Shot by Nazem Kadri.
8:45 of 1st period - Goal by Nazem Kadri - NORTH DAKOTA HAWKS : 1 - CALGARY FIREMEN : 0.
8:46 of 1st period - Nick Suzuki wins face-off versus Ryan Johansen in neutral zone.
8:58 of 1st period - Shot by Reyley Smith.
8:58 of 1st period - Stopped by Vitek Vanecek with a rebound.
9:12 of 1st period - Shot by Nick Suzuki.
9:12 of 1st period - Stopped by Vitek Vanecek without a rebound.
9:13 of 1st period - Jack Hughes wins face-off versus Oskar Lindblom in CALGARY FIREMEN zone.
10:01 of 1st period - Icing by Quinton Hughes.
10:02 of 1st period - Ryan Johansen wins face-off versus Jack Hughes in NORTH DAKOTA HAWKS zone.
10:05 of 1st period - Shot by Jakob Silfverberg.
10:05 of 1st period - Stopped by Carter Hart with a rebound.
10:07 of 1st period - Shot by Filip Forsberg.
10:07 of 1st period - Shot Misses the Net.
10:09 of 1st period - Shot by Gustav Forsling.
10:09 of 1st period - Shot Blocked by Quinton Hughes.
10:15 of 1st period - Shot by Ryan Johansen.
10:15 of 1st period - Stopped by Carter Hart with a rebound.
10:17 of 1st period - Shot by Shayne Gostisbehere.
10:17 of 1st period - Goal by Shayne Gostisbehere - NORTH DAKOTA HAWKS : 1 - CALGARY FIREMEN : 1.
10:18 of 1st period - Jack Drury wins face-off versus Nazem Kadri in neutral zone.
10:49 of 1st period - Shot by Jason Robertson.
10:49 of 1st period - Shot Misses the Net.
10:51 of 1st period - Shot by Nazem Kadri.
10:51 of 1st period - Shot Misses the Net.
11:16 of 1st period - Mattias Janmark-Nylen is hit by Reyley Smith and loses puck.
11:29 of 1st period - Shot by Jake DeBrusk.
11:29 of 1st period - Stopped by Vitek Vanecek without a rebound.
11:30 of 1st period - Ryan Johansen wins face-off versus Jack Hughes in CALGARY FIREMEN zone.
12:10 of 1st period - Shot by Filip Forsberg.
12:10 of 1st period - Shot Misses the Net.
12:36 of 1st period - Shot by Sonny Milano.
12:36 of 1st period - Shot Misses the Net.
13:52 of 1st period - Shot by Brett Howden.
13:52 of 1st period - Shot Misses the Net.
14:08 of 1st period - Off-side.
14:09 of 1st period - Nazem Kadri wins face-off versus Ryan Johansen in neutral zone.
14:14 of 1st period - Shot by Jason Robertson.
14:14 of 1st period - Stopped by Vitek Vanecek without a rebound.
14:15 of 1st period - Ryan Johansen wins face-off versus Nazem Kadri in CALGARY FIREMEN zone.
14:22 of 1st period - Nazem Kadri is hit by Filip Forsberg and loses puck.
14:39 of 1st period - Jakob Silfverberg is hit by Nazem Kadri and loses puck.
14:54 of 1st period - Shot by Jason Robertson.
14:54 of 1st period - Shot Misses the Net.
15:32 of 1st period - Shot by Jack Hughes.
15:32 of 1st period - Deflect By Jordan Kyrou.
15:32 of 1st period - Shot Blocked by Shayne Gostisbehere.
15:34 of 1st period - Shot by Jack Hughes.
15:34 of 1st period - Shot Misses the Net.
16:05 of 1st period - Nic Dowd is hit by Alex Goligoski and loses puck.
16:10 of 1st period - Shot by Dillon Dube.
16:10 of 1st period - Stopped by Vitek Vanecek without a rebound.
16:11 of 1st period - Nic Dowd wins face-off versus Adam Henrique in CALGARY FIREMEN zone.
16:43 of 1st period - Double Minor Penalty to Jordan Oesterle for Roughing.
16:44 of 1st period - Brett Howden wins face-off versus Nazem Kadri in CALGARY FIREMEN zone.
18:03 of 1st period - Shot by Nick Suzuki.
18:03 of 1st period - Stopped by Vitek Vanecek with a rebound.
18:50 of 1st period - Icing by Jack Hughes.
18:51 of 1st period - Brett Howden wins face-off versus Jason Robertson in NORTH DAKOTA HAWKS zone.
19:24 of 1st period - Off-side.
19:25 of 1st period - Nick Suzuki wins face-off versus Jack Drury in neutral zone.
Goals for this period are 1 for NORTH DAKOTA HAWKS vs 1 for CALGARY FIREMEN.
Shots for this period are 13 for NORTH DAKOTA HAWKS vs 3 for CALGARY FIREMEN.

2nd period


0:01 of 2nd period - Brett Howden wins face-off versus Nazem Kadri in neutral zone.
0:45 of 2nd period - Icing by Gustav Forsling.
0:46 of 2nd period - Nick Suzuki wins face-off versus Sonny Milano in CALGARY FIREMEN zone.
0:58 of 2nd period - Adam Henrique is hit by Nick Holden and loses puck.
1:16 of 2nd period - Icing by Josh Manson.
1:17 of 2nd period - Nick Suzuki wins face-off versus Ryan Johansen in NORTH DAKOTA HAWKS zone.
1:17 of 2nd period - Nick Suzuki is hit by Filip Forsberg.
2:09 of 2nd period - Patrick Kane is hit by Ryan Johansen and loses puck.
2:22 of 2nd period - Shot by Patrick Kane.
2:22 of 2nd period - Shot Blocked by Gustav Lindstrom.
2:24 of 2nd period - Shot by Jason Robertson.
2:24 of 2nd period - Goal by Jason Robertson - NORTH DAKOTA HAWKS : 2 - CALGARY FIREMEN : 1.
2:25 of 2nd period - Jack Drury wins face-off versus Jack Hughes in neutral zone.
3:02 of 2nd period - Shot by Jack Hughes.
3:02 of 2nd period - Stopped by Vitek Vanecek without a rebound.
3:03 of 2nd period - Adam Henrique wins face-off versus Nazem Kadri in CALGARY FIREMEN zone.
3:12 of 2nd period - Shot by Adam Henrique.
3:12 of 2nd period - Shot Misses the Net.
4:35 of 2nd period - Icing by Gustav Lindstrom.
4:36 of 2nd period - Nick Suzuki wins face-off versus Adam Henrique in CALGARY FIREMEN zone.
5:19 of 2nd period - Icing by Jordan Oesterle.
5:20 of 2nd period - Jack Drury wins face-off versus Patrick Kane in CALGARY FIREMEN zone.
5:42 of 2nd period - Icing by Gustav Forsling.
5:43 of 2nd period - Jack Hughes wins face-off versus Jack Drury in CALGARY FIREMEN zone.
6:10 of 2nd period - Shot by Filip Forsberg.
6:10 of 2nd period - Shot Misses the Net.
6:33 of 2nd period - Shot by Ryan Johansen.
6:33 of 2nd period - Shot Blocked by Josh Manson.
6:39 of 2nd period - Shot by Filip Forsberg.
6:39 of 2nd period - Stopped by Carter Hart with a rebound.
7:16 of 2nd period - Brett Howden is hit by Nazem Kadri and loses puck.
7:30 of 2nd period - Shot by Nazem Kadri.
7:30 of 2nd period - Shot Misses the Net.
8:01 of 2nd period - Adam Henrique is hit by Jason Robertson.
8:21 of 2nd period - Shot by Jake DeBrusk.
8:21 of 2nd period - Shot Misses the Net.
8:23 of 2nd period - Shot by Reyley Smith.
8:23 of 2nd period - Shot Misses the Net.
8:41 of 2nd period - Shot by Nick Suzuki.
8:41 of 2nd period - Shot Blocked by Marc-Edouard Vlasic.
8:43 of 2nd period - Shot by Reyley Smith.
8:43 of 2nd period - Shot Blocked by Andreas Athanasiou.
9:30 of 2nd period - Shot by Frank Vatrano.
9:30 of 2nd period - Goal by Frank Vatrano - NORTH DAKOTA HAWKS : 3 - CALGARY FIREMEN : 1.
9:31 of 2nd period - Jack Hughes wins face-off versus Mattias Janmark-Nylen in neutral zone.
9:34 of 2nd period - Shot by Jordan Kyrou.
9:34 of 2nd period - Stopped by Vitek Vanecek without a rebound.
9:35 of 2nd period - Jack Hughes wins face-off versus Ryan Johansen in CALGARY FIREMEN zone.
9:38 of 2nd period - Shot by Jordan Kyrou.
9:38 of 2nd period - Deflect By Jack Hughes.
9:38 of 2nd period - Shot Blocked by Filip Forsberg.
9:43 of 2nd period - Icing by Shayne Gostisbehere.
9:44 of 2nd period - Ryan Johansen wins face-off versus Alex Killorn in CALGARY FIREMEN zone.
9:44 of 2nd period - Ryan Johansen is hit by Alex Killorn.
9:50 of 2nd period - Ryan Lindgren is hit by Ryan Johansen and loses puck.
10:27 of 2nd period - Shot by Ryan Johansen.
10:27 of 2nd period - Shot Misses the Net.
10:40 of 2nd period - Off-side.
10:41 of 2nd period - Jack Drury wins face-off versus Nazem Kadri in neutral zone.
11:01 of 2nd period - Nazem Kadri is hit by Jack Drury and loses puck.
11:25 of 2nd period - Shot by Nazem Kadri.
11:25 of 2nd period - Shot Blocked by Jordan Oesterle.
11:27 of 2nd period - Shot by Nazem Kadri.
11:27 of 2nd period - Goal by Nazem Kadri - NORTH DAKOTA HAWKS : 4 - CALGARY FIREMEN : 1.
11:27 of 2nd period - Carey Price enters game.
11:28 of 2nd period - Nick Suzuki wins face-off versus Adam Henrique in neutral zone.
11:31 of 2nd period - Andreas Athanasiou is hit by Reyley Smith.
11:39 of 2nd period - Shot by Sonny Milano.
11:39 of 2nd period - Stopped by Carter Hart without a rebound.
11:40 of 2nd period - Filip Forsberg wins face-off versus Jack Hughes in NORTH DAKOTA HAWKS zone.
12:15 of 2nd period - Shot by Ryan Johansen.
12:15 of 2nd period - Shot Blocked by Josh Manson.
12:17 of 2nd period - Shot by Alex Goligoski.
12:17 of 2nd period - Shot Blocked by Nick Holden.
12:19 of 2nd period - Shot by Filip Forsberg.
12:19 of 2nd period - Stopped by Carter Hart without a rebound.
12:20 of 2nd period - Nick Suzuki wins face-off versus Adam Henrique in NORTH DAKOTA HAWKS zone.
12:20 of 2nd period - Quinton Hughes is hit by Sonny Milano and loses puck.
12:31 of 2nd period - Shot by Andreas Athanasiou.
12:31 of 2nd period - Stopped by Carter Hart without a rebound.
12:32 of 2nd period - Jack Drury wins face-off versus Nazem Kadri in NORTH DAKOTA HAWKS zone.
12:55 of 2nd period - Shot by Sam Gagner.
12:55 of 2nd period - Stopped by Carter Hart with a rebound.
12:57 of 2nd period - Shot by Mattias Janmark-Nylen.
12:57 of 2nd period - Shot Misses the Net.
13:07 of 2nd period - Shot by Mattias Janmark-Nylen.
13:07 of 2nd period - Stopped by Carter Hart with a rebound.
13:27 of 2nd period - Shot by Andreas Athanasiou.
13:27 of 2nd period - Stopped by Carter Hart without a rebound.
13:28 of 2nd period - Ryan Johansen wins face-off versus Nick Suzuki in NORTH DAKOTA HAWKS zone.
13:39 of 2nd period - Shot by Filip Forsberg.
13:39 of 2nd period - Stopped by Carter Hart without a rebound.
13:40 of 2nd period - Adam Henrique wins face-off versus Dillon Dube in NORTH DAKOTA HAWKS zone.
13:40 of 2nd period - Adam Henrique is hit by Josh Manson.
13:43 of 2nd period - Sonny Milano is hit by Josh Manson and loses puck.
13:59 of 2nd period - Sonny Milano is hit by Nick Holden and loses puck.
15:02 of 2nd period - Shot by Jake DeBrusk.
15:02 of 2nd period - Stopped by Carey Price without a rebound.
15:03 of 2nd period - Jack Drury wins face-off versus Jack Hughes in CALGARY FIREMEN zone.
15:03 of 2nd period - Jack Drury is hit by Alex Killorn.
15:13 of 2nd period - Shot by Jordan Kyrou.
15:13 of 2nd period - Stopped by Carey Price without a rebound.
15:14 of 2nd period - Nick Suzuki wins face-off versus Oskar Lindblom in CALGARY FIREMEN zone.
15:39 of 2nd period - Shot by Brett Howden.
15:39 of 2nd period - Stopped by Carter Hart without a rebound.
15:39 of 2nd period - Minor Penalty to Carter Hart for Slashing.
15:40 of 2nd period - Nic Dowd wins face-off versus Ryan Johansen in NORTH DAKOTA HAWKS zone.
16:07 of 2nd period - Shot by Filip Forsberg.
16:07 of 2nd period - Stopped by Carter Hart without a rebound.
16:08 of 2nd period - Adam Henrique wins face-off versus Nic Dowd in NORTH DAKOTA HAWKS zone.
16:51 of 2nd period - Shot by Jakob Silfverberg.
16:51 of 2nd period - Stopped by Carter Hart with a rebound.
17:19 of 2nd period - Reyley Smith is hit by Filip Forsberg and loses puck.
17:42 of 2nd period - Shot by Jack Drury.
17:42 of 2nd period - Shot Blocked by Quinton Hughes.
17:45 of 2nd period - Icing by Jack Hughes.
17:46 of 2nd period - Jack Drury wins face-off versus Jack Hughes in NORTH DAKOTA HAWKS zone.
18:48 of 2nd period - Shot by Nazem Kadri.
18:48 of 2nd period - Deflect By Patrick Kane.
18:48 of 2nd period - Stopped by Carey Price without a rebound.
18:49 of 2nd period - Nazem Kadri wins face-off versus Adam Henrique in CALGARY FIREMEN zone.
19:00 of 2nd period - Shot by Patrick Kane.
19:00 of 2nd period - Stopped by Carey Price with a rebound.
19:12 of 2nd period - Shot by Sonny Milano.
19:12 of 2nd period - Stopped by Carter Hart with a rebound.
19:14 of 2nd period - Shot by Andreas Athanasiou.
19:14 of 2nd period - Shot Misses the Net.
19:16 of 2nd period - Shot by Gustav Forsling.
19:16 of 2nd period - Stopped by Carter Hart without a rebound.
19:17 of 2nd period - Nick Suzuki wins face-off versus Ryan Johansen in NORTH DAKOTA HAWKS zone.
19:42 of 2nd period - Shot by Ryan Johansen.
19:42 of 2nd period - Stopped by Carter Hart with a rebound.
Goals for this period are 3 for NORTH DAKOTA HAWKS vs 0 for CALGARY FIREMEN.
Shots for this period are 9 for NORTH DAKOTA HAWKS vs 14 for CALGARY FIREMEN.

3rd period


0:01 of 3rd period - Adam Henrique wins face-off versus Nazem Kadri in neutral zone.
0:36 of 3rd period - Shot by Sonny Milano.
0:36 of 3rd period - Deflect By Adam Henrique.
0:36 of 3rd period - Goal by Adam Henrique - NORTH DAKOTA HAWKS : 4 - CALGARY FIREMEN : 2.
0:37 of 3rd period - Ryan Johansen wins face-off versus Nick Suzuki in neutral zone.
0:46 of 3rd period - Shot by Jakob Silfverberg.
0:46 of 3rd period - Deflect By Ryan Johansen.
0:46 of 3rd period - Goal by Ryan Johansen - NORTH DAKOTA HAWKS : 4 - CALGARY FIREMEN : 3.
0:47 of 3rd period - Ryan Johansen wins face-off versus Jack Hughes in neutral zone.
2:27 of 3rd period - Alex Goligoski is hit by Jordan Kyrou and loses puck.
2:38 of 3rd period - Alex Killorn is hit by Jack Drury and loses puck.
3:05 of 3rd period - Shot by Shayne Gostisbehere.
3:05 of 3rd period - Stopped by Carter Hart without a rebound.
3:06 of 3rd period - Ryan Johansen wins face-off versus Nick Suzuki in NORTH DAKOTA HAWKS zone.
3:36 of 3rd period - Shot by Reyley Smith.
3:36 of 3rd period - Deflect By Jake DeBrusk.
3:36 of 3rd period - Stopped by Carey Price without a rebound.
3:37 of 3rd period - Adam Henrique wins face-off versus Nazem Kadri in CALGARY FIREMEN zone.
3:37 of 3rd period - Adam Henrique is hit by Jason Robertson.
4:01 of 3rd period - Shot by Nazem Kadri.
4:01 of 3rd period - Stopped by Carey Price with a rebound.
4:06 of 3rd period - Sonny Milano is hit by Jason Robertson and loses puck.
4:16 of 3rd period - Sonny Milano is hit by Josh Manson and loses puck.
4:40 of 3rd period - Off-side.
4:41 of 3rd period - Jack Drury wins face-off versus Nick Suzuki in neutral zone.
4:53 of 3rd period - Quinton Hughes is hit by Gustav Lindstrom and loses puck.
5:21 of 3rd period - Shot by Mattias Janmark-Nylen.
5:21 of 3rd period - Stopped by Carter Hart with a rebound.
6:20 of 3rd period - Jakob Silfverberg is hit by Nazem Kadri and loses puck.
7:51 of 3rd period - Off-side.
7:52 of 3rd period - Jack Drury wins face-off versus Nick Suzuki in neutral zone.
8:16 of 3rd period - Reyley Smith is hit by Gustav Lindstrom and loses puck.
8:43 of 3rd period - Icing by Josh Manson.
8:44 of 3rd period - Nick Suzuki wins face-off versus Brett Howden in NORTH DAKOTA HAWKS zone.
8:55 of 3rd period - Nick Suzuki is hit by Brett Howden and loses puck.
9:21 of 3rd period - Shot by Nazem Kadri.
9:21 of 3rd period - Shot Blocked by Gustav Forsling.
9:39 of 3rd period - Nazem Kadri is hit by Sonny Milano and loses puck.
9:43 of 3rd period - Icing by Nazem Kadri.
9:44 of 3rd period - Ryan Johansen wins face-off versus Nazem Kadri in NORTH DAKOTA HAWKS zone.
10:36 of 3rd period - Shot by Adam Henrique.
10:36 of 3rd period - Shot Misses the Net.
10:38 of 3rd period - Shot by Andreas Athanasiou.
10:38 of 3rd period - Shot Misses the Net.
11:15 of 3rd period - Icing by Quinton Hughes.
11:16 of 3rd period - Nic Dowd wins face-off versus Mattias Janmark-Nylen in NORTH DAKOTA HAWKS zone.
11:41 of 3rd period - Shot by Sam Gagner.
11:41 of 3rd period - Stopped by Carter Hart without a rebound.
11:42 of 3rd period - Nazem Kadri wins face-off versus Filip Forsberg in NORTH DAKOTA HAWKS zone.
11:42 of 3rd period - Nazem Kadri is hit by Ryan Johansen.
12:36 of 3rd period - Icing by Shayne Gostisbehere.
12:37 of 3rd period - Ryan Johansen wins face-off versus Jack Hughes in CALGARY FIREMEN zone.
12:54 of 3rd period - Shot by Jordan Kyrou.
12:54 of 3rd period - Shot Misses the Net.
12:56 of 3rd period - Shot by Jack Hughes.
12:56 of 3rd period - Shot Misses the Net.
12:58 of 3rd period - Shot by Mathew Dumba.
12:58 of 3rd period - Stopped by Carey Price with a rebound.
13:00 of 3rd period - Shot by Ryan Lindgren.
13:00 of 3rd period - Stopped by Carey Price with a rebound.
13:08 of 3rd period - Shot by Alex Killorn.
13:08 of 3rd period - Shot Misses the Net.
13:52 of 3rd period - Shot by Sam Gagner.
13:52 of 3rd period - Shot Misses the Net.
13:54 of 3rd period - Shot by Shayne Gostisbehere.
13:54 of 3rd period - Stopped by Carter Hart without a rebound.
13:55 of 3rd period - Jack Drury wins face-off versus Nazem Kadri in NORTH DAKOTA HAWKS zone.
13:55 of 3rd period - Jack Drury is hit by Josh Manson.
13:56 of 3rd period - Minor Penalty to Josh Manson for Roughing.
13:57 of 3rd period - Nic Dowd wins face-off versus Ryan Johansen in NORTH DAKOTA HAWKS zone.
14:10 of 3rd period - Shot by Filip Forsberg.
14:10 of 3rd period - Stopped by Carter Hart without a rebound.
14:11 of 3rd period - Nic Dowd wins face-off versus Adam Henrique in NORTH DAKOTA HAWKS zone.
16:18 of 3rd period - Shot by Jack Hughes.
16:18 of 3rd period - Stopped by Carey Price with a rebound.
17:08 of 3rd period - Shot by Yakov Trenin.
17:08 of 3rd period - Shot Misses the Net.
17:45 of 3rd period - Shot by Filip Forsberg.
17:45 of 3rd period - Shot Misses the Net.
17:47 of 3rd period - Shot by Filip Forsberg.
17:47 of 3rd period - Shot Misses the Net.
17:49 of 3rd period - Shot by Filip Forsberg.
17:49 of 3rd period - Shot Misses the Net.
17:51 of 3rd period - Shot by Ryan Johansen.
17:51 of 3rd period - Stopped by Carter Hart with a rebound.
17:52 of 3rd period - Minor Penalty to Quinton Hughes for Hooking.
17:53 of 3rd period - Ryan Johansen wins face-off versus Nic Dowd in NORTH DAKOTA HAWKS zone.
18:18 of 3rd period - Shot by Ryan Johansen.
18:18 of 3rd period - Shot Misses the Net.
18:53 of 3rd period - Shot by Adam Henrique.
18:53 of 3rd period - Shot Blocked by Mathew Dumba.
18:55 of 3rd period - Shot by Shayne Gostisbehere.
18:55 of 3rd period - Stopped by Carter Hart with a rebound.
19:01 of 3rd period - CALGARY FIREMEN, Carey Price is pulled from the net.
19:36 of 3rd period - Shot by Ryan Johansen.
19:36 of 3rd period - Shot Misses the Net.
Goals for this period are 0 for NORTH DAKOTA HAWKS vs 2 for CALGARY FIREMEN.
Shots for this period are 5 for NORTH DAKOTA HAWKS vs 9 for CALGARY FIREMEN.


DARCY
KUEMPER
JAKE
OETTINGER
NINO
NIEDERREITER

EAST COAST

HOCKEY LEAGUE

  • 1.CHI2QUE4
  • 2.LIM2CHA3
  • 3.LON3TRV5
  • 4.BAL5CHW6
  • 5.MANPIT
  • 6.NHWATL
  • 7.PETWOR
  • 8.RHI